 Dungeon Crawl Stone Soup version 0.19.1 (webtiles) character file.

103 Crag the Stinger (level 4, -4/40 HPs)
             Began as a Naga Venom Mage on Dec 10, 2016.
             Slain by pahom328dancer's ghost (7 damage)
             ... on level 3 of the Dungeon.
             The game lasted 00:12:14 (2954 turns).

Crag the Stinger (Naga Venom Mage)                  Turns: 2954, Time: 00:12:14

Health: -4/40      AC:  5    Str: 12    XL:     4   Next: 79%
Magic:  2/7        EV: 10    Int: 15    God:
Gold:   64         SH:  0    Dex: 11    Spells: 2 memorised, 3 levels left

rFire  . . .     SeeInvis +       - Unarmed
rCold  . . .     Gourm    .     a - +0 robe
rNeg   . . .     Faith    .     (no shield)
rPois  +         Spirit   .     f - +0 helmet
rElec  .         Reflect  .     (no cloak)
rCorr  .         Harm     .     h - +1 pair of gloves
MR     .....                    (no barding)
Stlth  ++........               l - amulet of magic regeneration
                                (no ring)
                                (no ring)

@: very slightly contaminated, very slow
A: see invisible, deformed body, poison resistance, slowness 2, slow metabolism
1, spit poison 1, AC +1
a: Spit Poison


You were on level 3 of the Dungeon.
You were not hungry.

You visited 1 branch of the dungeon, and saw 4 of its levels.

You collected 64 gold pieces.

Inventory:

Armour
 a - a +0 robe (worn)
 f - a +0 helmet (worn)
 h - a +1 pair of gloves (worn)
Jewellery
 l - an amulet of magic regeneration (around neck)
Wands
 e - a wand of slowing (27/48)
Scrolls
 i - 4 scrolls of amnesia
 n - 3 scrolls of identify
Books
 b - a Young Poisoner's Handbook

   Spells                             Type                      Level
   a - Sting                          Conjuration/Poison           1
   b - Mephitic Cloud                 Conjuration/Poison/Air       3
   c - Olgreb's Toxic Radiance        Poison                       4
   d - Alistair's Intoxication        Transmutation/Poison         5
   e - Venom Bolt                     Conjuration/Poison           5
Comestibles
 c - 4 bread rations
 d - 3 meat rations
 g - 2 slices of pizza
 j - 2 chunks of flesh


   Skills:
 * Level 2.5 Fighting
 - Level 1.5 Dodging
 - Level 3.0 Stealth
 * Level 2.0 Unarmed Combat
 + Level 2.3 Spellcasting
 + Level 1.5 Conjurations
 - Level 5.3 Poison Magic


You had 3 spell levels left.
You knew the following spells:

 Your Spells              Type           Power        Failure   Level  Hunger
a - Sting                 Conj/Pois      ##..         6%          1    #......
b - Mephitic Cloud        Conj/Pois/Air  #.......     30%         3    ###....


Dungeon Overview and Level Annotations

Branches:
Dungeon (4/15)
 Temple: D:4-7

Altars:
Makhleb
Qazlal

Annotations:
D:3 pahom328dancer's ghost, amateur DsMo
D:4 Peloso's ghost, novice DDFi


Innate Abilities, Weirdness & Mutations

You cannot wear boots.
Your serpentine skin is tough. (AC +1)
You have supernaturally acute eyesight. (SInv)
Armour fits poorly on your strangely shaped body.
Your system is resistant to poisons. (rPois)
You cover ground very slowly.
You have a slow metabolism.
You can spit poison.


Message History

Pahom328dancer's ghost hits you.
* * * LOW HITPOINT WARNING * * *
You hit the goblin.
You kill the goblin!
The orc hits you but does no damage.
You aren't carrying any potions.
You hit the orc.
The orc is severely wounded.
Pahom328dancer's ghost hits you.
* * * LOW HITPOINT WARNING * * *
The orc barely misses you.
You closely miss the orc.
The orc is severely wounded.
Pahom328dancer's ghost hits you but does no damage.
The hobgoblin hits you but does no damage.
The orc hits you but does no damage.
You hit the orc.
You kill the orc!
Pahom328dancer's ghost hits you!
You die...

.!................# #.........#
..[..........<....###.#.#.#.#.#
..................##....)...#.#
..................##..#.#.#.###
..................##........#
.....................####.###
..........(.......#.## #.#
...........W))..#.#####.####
........g@..(#..........#
$...........#######.##.#
............# #.##.#
............# #....#
........r..# ######
...........# ...........#
############


You could see pahom328dancer's ghost, a hobgoblin and a rat (confused).

Vanquished Creatures
  3 adders (D:2)
  A worm (D:2)
  2 dart slugs (D:1)
  2 leopard geckos
  5 orcs (D:3)
  5 bats
  3 giant cockroaches
  7 hobgoblins
  2 jackals (D:3)
  5 kobolds
  4 quokkas
  A ball python (D:1)
  4 frilled lizards
  7 goblins
  8 rats
59 creatures vanquished.

Notes
Turn   | Place    | Note
-------+----------+-------------------------------------------
     0 | D:1      | Crag the Naga Venom Mage began the quest for the Orb.
     0 | D:1      | Reached XP level 1. HP: 15/15 MP: 3/3
   148 | D:1      | Reached skill level 1 in Fighting
   265 | D:1      | Reached XP level 2. HP: 25/25 MP: 5/5
   893 | D:1      | Reached skill level 1 in Conjurations
   893 | D:1      | Reached XP level 3. HP: 28/32 MP: 6/6
   979 | D:1      | Reached skill level 1 in Unarmed Combat
  1693 | D:2      | Found a faded altar of an unknown god.
  1693 | D:2      | Found a faded altar of an unknown god.
  1698 | D:2      | Found a faded altar of an unknown god.
  1700 | D:2      | Found a burning altar of Makhleb.
  1701 | D:2      | Found a faded altar of an unknown god.
  1848 | D:2      | Reached XP level 4. HP: 40/40 MP: 5/7
  1987 | D:2      | Learned a level 3 spell: Mephitic Cloud
  2253 | D:3      | Noticed pahom328dancer's ghost (amateur DsMo)
  2585 | D:4      | Noticed Peloso's ghost (novice DDFi)
  2668 | D:3      | Found a stormy altar of Qazlal.
  2954 | D:3      | Slain by pahom328dancer's ghost

Skill      XL: |  1  2  3  4 |
---------------+-------------+-----
Fighting       | 1 2 |  2.5
Conjurations   | 1 |  1.5
Unarmed Combat | 1 2 |  2.0
Dodging        | |  1.5
Stealth        | |  3.0
Spellcasting   | |  2.3
Poison Magic   | |  5.3

Action                   |  1- 3 |  4- 6 || total
-------------------------+-------+-------++-------
Melee: Unarmed           |    54 |    98 ||   152
       Punch             |     1 |     2 ||     3
 Cast: Sting             |    32 |     7 ||    39
       Mephitic Cloud    |       |     1 ||     1
 Abil: Spit Poison       |    24 |    10 ||    34
  Use: Potion            |     1 |     1 ||     2
       Scroll            |       |     4 ||     4
 Stab: Sleeping          |     2 |       ||     2
  Eat: Chunk             |     4 |     4 ||     8
Armor: Robe              |    17 |    34 ||    51
Dodge: Dodged            |    48 |    46 ||    94
